% Time on Ice - COLORADO GLACIERCATS
Lines # - Real PCT - Wanted PCT - Time Play
Normal Forward
1 - 30% - 35% - 14:47
2 - 28% - 35% - 13:52
3 - 23% - 25% - 11:36
4 - 19% - 5% - 9:26
Normal Defense
1 - 36% - 40% - 18:06
2 - 38% - 38% - 18:43
3 - 26% - 22% - 12:52
4 - 0% - 0% - 0:00
PP Forward
1 - 54% - 60% - 3:14
2 - 46% - 40% - 2:43
PP Defense
1 - 57% - 55% - 3:23
2 - 43% - 45% - 2:34
PK Forward
1 - 42% - 50% - 1:40
2 - 58% - 50% - 2:18
PK Defense
1 - 61% - 55% - 2:24
2 - 39% - 45% - 1:34
PK3 Forward
1 - 0% - 55%
2 - 0% - 45%
PK3 Defense
1 - 0% - 50%
2 - 0% - 50%
44 Forward
1 - 0% - 50%
2 - 0% - 50%
44 Defense
1 - 0% - 50%
2 - 0% - 50%
Last Minute Offensive  - 0:00
Last Minute Defensive  - 0:24
Total
Forward - 60:00
Defense - 60:00
% Time on Ice - VICTORIA GLADIATORS
Lines # - Real PCT - Wanted PCT - Time Play
Normal Forward
1 - 36% - 36% - 17:38
2 - 26% - 31% - 13:04
3 - 26% - 23% - 13:00
4 - 12% - 10% - 5:51
Normal Defense
1 - 31% - 36% - 15:25
2 - 32% - 31% - 15:54
3 - 31% - 23% - 15:22
4 - 6% - 10% - 2:52
PP Forward
1 - 40% - 52% - 1:35
2 - 60% - 48% - 2:23
PP Defense
1 - 79% - 52% - 3:07
2 - 21% - 48% - 0:51
PK Forward
1 - 54% - 52% - 3:13
2 - 46% - 48% - 2:44
PK Defense
1 - 75% - 52% - 4:29
2 - 25% - 48% - 1:28
PK3 Forward
1 - 0% - 52%
2 - 0% - 48%
PK3 Defense
1 - 0% - 52%
2 - 0% - 48%
44 Forward
1 - 0% - 52%
2 - 0% - 48%
44 Defense
1 - 0% - 52%
2 - 0% - 48%
Last Minute Offensive  - 0:32
Last Minute Defensive  - 0:00
Total
Forward - 60:00
Defense - 60:00
Play-by-Play 1st period 0:01 of 1st period - Mikkel Boedker wins face-off versus Joe Pavelski in neutral zone. 0:14 of 1st period - Shot by Carl Soderberg. 0:14 of 1st period - Shot Misses the Net. 1:04 of 1st period - Jordan Staal is hit by Zack Smith and loses puck. 1:15 of 1st period - Shot by Frans Nielsen. 1:15 of 1st period - Stopped by Pekka Rinne with a rebound. 1:23 of 1st period - Shot by Patrick Maroon. 1:23 of 1st period - Shot Blocked by Ryan Ellis. 1:25 of 1st period - Shot by Frans Nielsen. 1:25 of 1st period - Stopped by Pekka Rinne without a rebound. 1:26 of 1st period - Lucas Wallmark wins face-off versus Lars Eller in COLORADO GLACIERCATS zone. 1:39 of 1st period - Shot by Magnus Paajarvi-Svensson. 1:39 of 1st period - Stopped by Ukko-Pekka Luukkonen without a rebound. 1:40 of 1st period - Jason Spezza wins face-off versus Jay Beagle in VICTORIA GLADIATORS zone. 1:55 of 1st period - Shot by Mark Giordano. 1:55 of 1st period - Shot Misses the Net. 1:57 of 1st period - Shot by Jay Beagle. 1:57 of 1st period - Shot Misses the Net. 2:40 of 1st period - Lucas Wallmark is hit by Zach Trotman. 2:52 of 1st period - Shot by Lars Eller. 2:52 of 1st period - Shot Blocked by Daniel Girardi. 3:07 of 1st period - Lucas Wallmark is hit by Nick Foligno and loses puck. 3:19 of 1st period - Zachary Sanford is hit by Matt Bartkowski and loses puck. 3:32 of 1st period - Shot by Brayden Schenn. 3:32 of 1st period - Shot Blocked by Nick Foligno. 3:34 of 1st period - Shot by Brayden Schenn. 3:34 of 1st period - Shot Misses the Net. 3:36 of 1st period - Shot by Shea Weber. 3:36 of 1st period - Shot Misses the Net. 3:49 of 1st period - Brayden Schenn is hit by Matt Bartkowski and loses puck. 4:38 of 1st period - Off-side. 4:39 of 1st period - Carl Soderberg wins face-off versus Jay Beagle in neutral zone. 4:48 of 1st period - Shot by Mikkel Boedker. 4:48 of 1st period - Shot Blocked by Mark Giordano. 5:59 of 1st period - Shot by Zack Smith. 5:59 of 1st period - Shot Misses the Net. 6:01 of 1st period - Shot by Zack Smith. 6:01 of 1st period - Shot Misses the Net. 6:03 of 1st period - Shot by Patrick Maroon. 6:03 of 1st period - Stopped by Pekka Rinne without a rebound. 6:04 of 1st period - Jordan Staal wins face-off versus Marcus Foligno in COLORADO GLACIERCATS zone. 6:24 of 1st period - Shot by Marcus Foligno. 6:24 of 1st period - Shot Misses the Net. 6:26 of 1st period - Shot by Riley Sheahan. 6:26 of 1st period - Stopped by Pekka Rinne without a rebound. 6:27 of 1st period - Lucas Wallmark wins face-off versus Frans Nielsen in COLORADO GLACIERCATS zone. 6:59 of 1st period - Shot by Mark Giordano. 6:59 of 1st period - Stopped by Ukko-Pekka Luukkonen without a rebound. 7:00 of 1st period - Jordan Staal wins face-off versus Carl Soderberg in VICTORIA GLADIATORS zone. 7:00 of 1st period - Shea Weber is hit by T.J. Brennan and loses puck. 7:06 of 1st period - Minor Penalty to Ryan Stanton for Cross-checking. 7:07 of 1st period - Frans Nielsen wins face-off versus Brayden Schenn in VICTORIA GLADIATORS zone. 7:46 of 1st period - Shot by Mark Giordano. 7:46 of 1st period - Stopped by Ukko-Pekka Luukkonen without a rebound. 7:47 of 1st period - Jordan Staal wins face-off versus Frans Nielsen in VICTORIA GLADIATORS zone. 7:50 of 1st period - Shot by Jordan Staal. 7:50 of 1st period - Shot Misses the Net. 7:52 of 1st period - Shot by Ryan Ellis. 7:52 of 1st period - Shot Misses the Net. 8:02 of 1st period - Shot by Jordan Staal. 8:02 of 1st period - Stopped by Ukko-Pekka Luukkonen without a rebound. 8:03 of 1st period - Jordan Staal wins face-off versus Frans Nielsen in VICTORIA GLADIATORS zone. 8:08 of 1st period - Shot by Shea Weber. 8:08 of 1st period - Stopped by Ukko-Pekka Luukkonen without a rebound. 8:09 of 1st period - Brayden Schenn wins face-off versus Frans Nielsen in VICTORIA GLADIATORS zone. 9:23 of 1st period - Carl Soderberg is hit by Zachary Sanford and loses puck. 9:40 of 1st period - Shot by Mikkel Boedker. 9:40 of 1st period - Shot Blocked by Ben Lovejoy. 13:23 of 1st period - Shot by Nick Foligno. 13:23 of 1st period - Shot Misses the Net. 13:32 of 1st period - Icing by Ryan Ellis. 13:33 of 1st period - Frans Nielsen wins face-off versus Jay Beagle in COLORADO GLACIERCATS zone. 13:38 of 1st period - Shot by Frans Nielsen. 13:38 of 1st period - Shot Misses the Net. 13:44 of 1st period - Shot by Frans Nielsen. 13:44 of 1st period - Stopped by Pekka Rinne without a rebound. 13:45 of 1st period - Jordan Staal wins face-off versus Carl Soderberg in COLORADO GLACIERCATS zone. 14:04 of 1st period - Shot by Mark Giordano. 14:04 of 1st period - Stopped by Ukko-Pekka Luukkonen without a rebound. 14:05 of 1st period - Frans Nielsen wins face-off versus Joe Pavelski in VICTORIA GLADIATORS zone. 14:07 of 1st period - Icing by Zack Smith. 14:08 of 1st period - Joe Pavelski wins face-off versus Frans Nielsen in VICTORIA GLADIATORS zone. 14:37 of 1st period - Shot by Zack Smith. 14:37 of 1st period - Shot Hit the Post. 14:57 of 1st period - Shot by Carl Soderberg. 14:57 of 1st period - Goal by Carl Soderberg - COLORADO GLACIERCATS : 0 - VICTORIA GLADIATORS : 1. 14:58 of 1st period - Jordan Staal wins face-off versus Lars Eller in neutral zone. 15:05 of 1st period - Shot by Zach Aston-Reese. 15:05 of 1st period - Stopped by Ukko-Pekka Luukkonen with a rebound. 15:55 of 1st period - Shot by Lucas Wallmark. 15:55 of 1st period - Goal by Lucas Wallmark - COLORADO GLACIERCATS : 1 - VICTORIA GLADIATORS : 1. 15:56 of 1st period - Lucas Wallmark wins face-off versus Carl Soderberg in neutral zone. 16:22 of 1st period - Icing by Carl Soderberg. 16:23 of 1st period - Carl Soderberg wins face-off versus Joe Pavelski in VICTORIA GLADIATORS zone. 17:16 of 1st period - Minor Penalty to Zach Aston-Reese for Hooking. 17:17 of 1st period - Joe Pavelski wins face-off versus Lars Eller in COLORADO GLACIERCATS zone. 17:41 of 1st period - Icing by Lars Eller. 17:42 of 1st period - Joe Pavelski wins face-off versus Zack Smith in VICTORIA GLADIATORS zone. 18:07 of 1st period - Ryan Ellis is hit by Zack Smith and loses puck. 19:32 of 1st period - Shot by Brayden Schenn. 19:32 of 1st period - Shot Blocked by Dion Phaneuf. 19:34 of 1st period - Shot by Jordan Staal. 19:34